 Dungeon Crawl Stone Soup version 0.17.1-3-g152610e (webtiles) character file.

9937 Peloso the Protected (level 11, -17/99 HPs)
             Began as a Minotaur Fighter on Mar 9, 2016.
             Was a Priest of Okawaru.
             Demolished by a tentacled starspawn (31 damage)
             ... on level 1 of the Abyss.
             The game lasted 00:38:31 (13186 turns).

Peloso the Protected (Minotaur Fighter)            Turns: 13186, Time: 00:38:31

Health: -17/99     AC: 18    Str: 25    XL:     11   Next: 29%
Magic:  0/10       EV:  7    Int:  5    God:    Okawaru [***...]
Gold:   548        SH:  0    Dex: 12    Spells: 0 memorised, 10 levels left

rFire  . . .     SeeInvis .     s - +2 long sword
rCold  . . .     Clarity  .     E - +0 plate armour
rNeg   + . .     SustAt   .     (no shield)
rPois  .         Gourm    .     (helmet restricted)
rElec  .         Spirit   +     y - +1 cloak
rCorr  .         Warding  .     (no gloves)
rMut   .         Stasis   .     (no boots)
MR     .....                    x - amulet of guardian spirit
Stlth  ..........               q - +3 ring of strength
                                z - ring of positive energy

@: exhausted, slowed, constricted, very slow, not resistant to hostile
enchantments, extremely unstealthy
A: retaliatory headbutt, horns 2
a: Heroism, Renounce Religion


You were on level 1 of the Abyss.
You worshipped Okawaru.
Okawaru was most pleased with you.
You were near starving.

You visited 3 branches of the dungeon, and saw 13 of its levels.
You visited the Abyss 1 time.
You also visited: Ossuary.

You collected 572 gold pieces.
You spent 24 gold pieces at shops.

Inventory:

Hand Weapons
 a - a +1 long sword
 f - the +7 arbalest of Courage {freeze, rF+ rN++}
   (You found it on level 8 of the Dungeon)

   It causes projectiles fired from it to freeze those they strike, causing
   extra injury to most foes and up to half again as much damage against
   particularly susceptible opponents.
   They can also slow down cold-blooded creatures.
   It protects you from fire.
   It greatly protects you from negative energy.
 s - a +2 long sword (weapon)
 H - the +0 whip "Ashah" {slash, Stlth+}
   (You found it on level 9 of the Dungeon)

   It inflicts extra damage upon your enemies.
   It makes you more stealthy.
 P - a +1 rapier of distortion
Armour
 c - a +0 shield
 d - a +0 chain mail
 y - a +1 cloak (worn)
 E - a +0 plate armour (worn)
Jewellery
 i - a +3 ring of intelligence
 q - a +3 ring of strength (right hand)
 x - an amulet of guardian spirit (around neck)
 z - a ring of positive energy (left hand)
Wands
 p - a wand of digging (22)
 w - a wand of random effects (21)
 K - a wand of flame (9)
 M - a wand of draining (1)
 Q - a wand of paralysis (13)
Scrolls
 b - a scroll of silence
 k - 3 scrolls of enchant armour
 o - 4 scrolls of remove curse
 A - 2 scrolls of identify
 B - a scroll of enchant weapon
 G - a scroll of fear
 L - 2 scrolls of amnesia
Potions
 l - 4 potions of curing
 m - 3 potions of invisibility
 r - a potion of cure mutation
 t - 5 potions of brilliance
 u - 4 potions of flight
 C - 2 potions of poison {unknown}
 F - 2 potions of resistance
 J - a potion of cancellation {unknown}
 N - a potion of heal wounds {unknown}
 O - a potion of agility
Comestibles
 e - 5 bread rations
 g - 5 beef jerkies
 h - a fruit
 j - 3 meat rations
 n - 9 slices of pizza
 I - 3 chunks of flesh


   Skills:
 + Level 9.6 Fighting
 + Level 10.5 Long Blades
 + Level 12.0 Armour
 + Level 6.7 Dodging
 + Level 1.0 Stealth
 + Level 9.2 Shields
 + Level 0.4 Invocations
 + Level 0.5 Evocations


You had 10 spell levels left.
You didn't know any spells.

Dungeon Overview and Level Annotations

Branches:
Dungeon (11/15)            Temple (1/1) D:6             Orc (1/4) D:10
   Lair: D:8-11

Altars:
Ashenzari
Cheibriados
Dithmenos
Elyvilon
Fedhas
Gozag
Kikubaaqudgha
Makhleb
Nemelex Xobeh
Okawaru
Ru
Sif Muna
Trog
Vehumet
Xom
Yredelemnul
Zin
The Shining One

Shops:
D:8 ?


Innate Abilities, Weirdness & Mutations

You reflexively headbutt those who attack you in melee.
You have a pair of horns on your head.


Message History

The eye of draining is moderately wounded.
Tentacles burst from the starspawn's body!
You slash the eye of draining!
The eye of draining is severely wounded.
The starspawn tentacle grabs you.
* * * LOW HITPOINT WARNING * * *
The starspawn tentacle constricts you.
You hit the eye of draining.
The eye of draining is severely wounded.
* * * LOW HITPOINT WARNING * * *
The starspawn tentacle constricts you.
The tentacled starspawn barely misses you.
You furiously retaliate!
You headbutt the tentacled starspawn.
The tentacled starspawn closely misses you.
The eye of draining gazes at you.
You hit the eye of draining. You headbutt the eye of draining!
You kill the eye of draining!
Okawaru accepts your kill. The starspawn tentacle constricts you.
The tentacled starspawn bites you!!
You die...

#. . #. # . .#
.#.# .# #..#
##.####..# #
##...#..# # #
#..wXw..# .# # #
#..#@.##..# ## #
#.##.##.###.#.#
##. #
..##†.....#. #..
...##......#..#.
. .....
#...#.#.. .#...#
..#. ##.##.#.##
..#. # . #.. .
.....##.## #.
#.# .# ###..# #
# .##. ..


You could see a tentacled starspawn and 2 starspawn tentacles.

Vanquished Creatures
  A thrashing horror (Abyss:1)
  An unseen horror (D:9)
  An orc knight (D:10)
  A demonic crawler (Abyss:1)
  Grinder (D:6)
  Sigmund (D:6)
  A deep elf mage (D:11)
  A human (D:9)
  A hippogriff (D:7)
  6 yaks (D:10)
  A steam dragon (D:9)
  4 wargs (D:10)
  A water moccasin (D:7)
  Duvessa (D:7)
  2 sky beasts
  5 ogres
  A black bear (shapeshifter) (D:10)
  4 orc warriors
  3 ice beasts
  4 phantoms
  An eye of draining (Abyss:1)
  2 big kobolds
  5 centaurs
  4 giant frogs
  Dowan (D:7)
  4 killer bees (D:8)
  11 scorpions
  5 wights (D:6)
  3 centaur zombies
  3 giant frog zombies
  2 jellies
  A human zombie (Ossuary)
  2 crimson imps
  4 hounds
  A quasit (D:5)
  Crazy Yiuf (D:3)
  13 orc priests
  2 centaur skeletons
  5 giant frog skeletons
  An iguana (D:4)
  18 orc wizards
  4 worker ants
  2 big kobold zombies (Ossuary)
  A hound zombie (D:7)
  3 mummies (Ossuary)
  2 hound skeletons (D:10)
  7 gnolls
  5 scorpion zombies (Ossuary)
  12 adders
  2 shadow imps
  An ooze (D:6)
  An adder skeleton (D:4)
  7 giant geckos
  55 orcs
  4 bats
  8 giant cockroaches
  6 goblins
  2 hobgoblins
  7 jackals
  18 kobolds
  7 quokkas
  2 ball pythons
  2 giant gecko skeletons
  3 giant newts
  3 gnoll zombies (Ossuary)
  2 goblin zombies (Ossuary)
  A hobgoblin zombie (Ossuary)
  A jackal skeleton (D:4)
  A jackal zombie (D:4)
  A kobold zombie (Ossuary)
  A quokka skeleton (D:5)
  A rat (D:1)
  A fungus (D:3)
303 creatures vanquished.

Vanquished Creatures (others)
  A thrashing horror (Abyss:1)
  An orc wizard (D:7)
  A worker ant (D:8)
  A hound skeleton (D:9)
4 creatures vanquished.

Grand Total: 307 creatures vanquished

Notes
Turn   | Place    | Note
--------------------------------------------------------------
     0 | D:1      | Peloso the Minotaur Fighter began the quest for the Orb.
     0 | D:1      | Reached XP level 1. HP: 19/19 MP: 0/0
   187 | D:1      | Reached XP level 2. HP: 25/27 MP: 1/1
   338 | D:1      | Reached skill level 4 in Fighting
   727 | D:2      | Found a shimmering altar of Xom.
   859 | D:2      | Found a glowing silver altar of Zin.
   933 | D:2      | Found a sacrificial altar of Ru.
  1142 | D:3      | Reached XP level 3. HP: 28/33 MP: 2/2
  1374 | D:3      | Reached skill level 5 in Armour
  1374 | D:3      | Reached XP level 4. HP: 26/40 MP: 3/3
  1377 | D:3      | Found a blossoming altar of Fedhas.
  1799 | D:2      | Reached XP level 5. HP: 3/47 MP: 4/4
  2143 | D:3      | Reached skill level 1 in Dodging
  2190 | D:3      | Found an ancient bone altar of Kikubaaqudgha.
  2296 | D:3      | Noticed Crazy Yiuf
  2300 | D:3      | Killed Crazy Yiuf
  2395 | D:4      | Found a sand-covered staircase.
  2424 | Ossuary  | Entered an ossuary
  2442 | Ossuary  | Reached skill level 6 in Armour
  2604 | Ossuary  | Reached XP level 6. HP: 53/53 MP: 5/5
  2629 | Ossuary  | Reached skill level 5 in Shields
  2900 | Ossuary  | Reached skill level 5 in Fighting
  2963 | Ossuary  | Reached XP level 7. HP: 59/61 MP: 6/6
  3014 | Ossuary  | Reached skill level 5 in Long Blades
  3784 | D:5      | Entered Level 5 of the Dungeon
  4005 | D:4      | Reached skill level 7 in Armour
  4143 | D:5      | Reached XP level 8. HP: 69/69 MP: 7/7
  4613 | D:5      | Found a white marble altar of Elyvilon.
  6176 | D:6      | Noticed Sigmund
  6178 | D:6      | Found a staircase to the Ecumenical Temple.
  6193 | D:6      | Killed Sigmund
  6193 | D:6      | Reached skill level 5 in Dodging
  6193 | D:6      | Reached XP level 9. HP: 65/78 MP: 6/8
  6211 | Temple   | Entered the Ecumenical Temple
  6218 | Temple   | Became a worshipper of Warmaster Okawaru
  6537 | D:6      | Found an opulent altar of Gozag.
  6537 | D:6      | Found a sparkling altar of Nemelex Xobeh.
  6798 | D:6      | Noticed Grinder
  6814 | D:6      | Killed Grinder
  6814 | D:6      | Reached skill level 8 in Armour
  6997 | D:6      | Reached * piety under Okawaru
  7419 | D:7      | Found a deep blue altar of Sif Muna.
  7520 | D:7      | Found a radiant altar of Vehumet.
  7721 | D:7      | Found a shattered altar of Ashenzari.
  7777 | D:7      | Noticed Dowan
  7778 | D:7      | Noticed Duvessa
  7784 | D:7      | Killed Dowan
  7801 | D:7      | Killed Duvessa
  8136 | D:8      | Found a glowing golden altar of the Shining One.
  8215 | D:8      | Found Coamaup's Magic Scroll Emporium.
  8230 | D:8      | Reached skill level 9 in Shields
  8235 | D:8      | Bought a scroll of identify for 24 gold pieces
  8260 | D:8      | Reached ** piety under Okawaru
  8260 | D:8      | Reached XP level 10. HP: 82/88 MP: 7/9
  8274 | D:8      | Found an ancient bone altar of Kikubaaqudgha.
  8630 | D:8      | Found a basalt altar of Yredelemnul.
  8654 | D:8      | Got a bloodstained arbalest
  8661 | D:8      | Identified the +7 arbalest of Courage {freeze, rF+ rN++} (You found it on level 8 of the Dungeon)
  8684 | D:8      | Noticed an angel
  8693 | D:8      | Noticed a profane servitor
  9051 | D:8      | Reached skill level 1 in Stealth
  9459 | D:9      | You fall through a shaft for 2 floors!
  9538 | D:10     | Entered Level 10 of the Dungeon
 10040 | D:10     | Found a staircase to the Orcish Mines.
 10206 | Orc:1    | Entered Level 1 of the Orcish Mines
 10206 | Orc:1    | Noticed an orc knight
 10247 | D:10     | Killed an orc knight
 10247 | D:10     | Reached skill level 10 in Armour
 10927 | D:8      | Reached *** piety under Okawaru
 11579 | D:9      | Killed an unseen horror
 11579 | D:9      | Reached skill level 10 in Long Blades
 11968 | D:9      | Reached skill level 11 in Armour
 12117 | D:9      | Got an ancient whip
 12118 | D:9      | Identified the cursed +0 whip "Ashah" {slash, Stlth+} (You found it on level 9 of the Dungeon)
 12327 | D:10     | Received a gift from Okawaru
 12422 | D:10     | Reached XP level 11. HP: 88/97 MP: 8/10
 13019 | D:10     | Cast into the Abyss (a distortion unwield)
 13057 | Abyss:1  | Noticed a thrashing horror
 13065 | Abyss:1  | Noticed a lich
 13067 | Abyss:1  | Killed a thrashing horror
 13158 | Abyss:1  | Noticed a thrashing horror
 13172 | Abyss:1  | Killed a thrashing horror
 13177 | Abyss:1  | Reached skill level 12 in Armour
 13182 | Abyss:1  | Noticed a tentacled starspawn
 13186 | Abyss:1  | Demolished by a tentacled starspawn

Action                   |  1- 3 |  4- 6 |  7- 9 | 10-12 || total
-------------------------+-------+-------+-------+-------++-------
Melee: Long sword        |    64 |   138 |   556 |   407 ||  1165
Invok: Heroism           |       |       |     1 |     3 ||     4
Evoke: Wand              |       |       |     5 |       ||     5
  Use: Scroll            |       |       |    22 |     5 ||    27
       Potion            |       |       |     1 |     3 ||     4
  Eat: Chunk             |     1 |     5 |    18 |    15 ||    39
       Fruit             |       |       |     1 |       ||     1
